 Dungeon Crawl Stone Soup version 0.18-b1-2-gd0c887e (webtiles) character file.

105 Helmschank the Changer (level 4, -3/32 HPs)
             Began as a Merfolk Transmuter on Apr 28, 2016.
             Slain by Menkaure (13 damage)
             ... on level 4 of the Dungeon.
             The game lasted 00:17:29 (4031 turns).

Helmschank the Changer (Merfolk Transmuter)         Turns: 4031, Time: 00:17:30

Health: -3/32      AC:  2    Str:  9 (10) XL:     4   Next: 81%
Magic:  0/7        EV: 21    Int: 10 (13) God:
Gold:   174        SH:  0    Dex: 16 (19) Spells: 3 memorised, 1 level left

rFire  . . .     SeeInvis .       - Unarmed
rCold  + . .     Gourm    .     (armour currently unavailable)
rNeg   . . .     Faith    .     (shield currently unavailable)
rPois  x         Spirit   .     (helmet currently unavailable)
rElec  .         Dismiss  .     (cloak currently unavailable)
rCorr  .         Reflect  .     (gloves currently unavailable)
SustAt .         Harm     .     (boots currently unavailable)
MR     .....                    (no amulet)
Stlth  +.........               (no ring)
                                k - ring of protection from cold

@: spider-form (expiring), not resistant to hostile enchantments, very
unstealthy
A: (change form in water), (swift swim)
a: End Transformation


You were on level 4 of the Dungeon.
You were not hungry.
You were a venomous arachnid creature.
You visited 1 branch of the dungeon, and saw 4 of its levels.

You collected 174 gold pieces.

Inventory:

Hand Weapons
 a - a +0 trident of freezing
 b - a +0 blowgun
 l - a +1 dagger of holy wrath
Missiles
 e - 72 stones
 p - 10 tomahawks (quivered)
 v - 16 poisoned needles
 w - 82 arrows
Armour
 j - a +0 cloak (melded)
 m - a +0 robe
 r - a +0 leather armour (melded)
Jewellery
 k - a ring of protection from cold (left front leg)
Scrolls
 g - 5 scrolls of identify
 h - a scroll of remove curse
Potions
 n - a potion of flight
 o - a potion of resistance
 q - a potion of degeneration
 s - a potion of haste
 u - 2 potions of agility
Books
 c - a book of Changes

   Spells                             Type                      Level
   a - Beastly Appendage              Transmutation                1
   b - Sticks to Snakes               Transmutation                2
   c - Spider Form                    Transmutation/Poison         3
   d - Ice Form                       Ice/Transmutation            4
   e - Blade Hands                    Transmutation                5
Comestibles
 d - 2 bread rations
 f - a meat ration
 i - 7 fruits
 t - a chunk of flesh


   Skills:
 - Level 1.1 Fighting
 + Level 0.7 Armour
 - Level 3.2 Dodging
 - Level 3.9 Unarmed Combat
 - Level 2.0 Spellcasting
 - Level 4.8 Transmutations
 - Level 1.2 Poison Magic


You had one spell level left.
You knew the following spells:

 Your Spells              Type           Power        Failure   Level  Hunger
a - Spider Form           Trmt/Pois      #.........   50%         3    ####...
x - Sticks to Snakes      Trmt           ##......     24%         2    ###....
z - Beastly Appendage     Trmt           ##....       17%         1    ##.....


Dungeon Overview and Level Annotations

Branches:
Dungeon (4/15)
 Temple: D:4-7

Altars:
Dithmenos

Annotations:
D:4 Menkaure


Message History

Menkaure seems to speed up.
You hit Menkaure but do no damage.
Menkaure is severely damaged.
Your ball python bites Menkaure.
Your ball python constricts Menkaure.
Menkaure calls on the powers of darkness!
Your body is wracked with pain!
You hit Menkaure.
Menkaure is almost destroyed.
Your ball python barely misses Menkaure.
Your ball python constricts Menkaure.
Menkaure completely misses you.
You hit Menkaure but do no damage.
Menkaure is almost destroyed.
Your ball python bites Menkaure but does no damage.
Your ball python constricts Menkaure.
Menkaure hits your ball python!
Your ball python dies!
Menkaure shouts!
You barely miss Menkaure.
Menkaure is almost destroyed.
Menkaure hits you!
You die...

#.# #.#
##############.#####.# ##
#..................#.# ..
#.######..........>..# .#
#.# #.#####.###.#.##.# #.#
#.# #.# #.#....#### #.#
#.# #.# #.......... ##.#
#.# #M####.......## ...#
#.# #.s..........# ####
#.# ##.###.......#
#.######.####....###
#....)...............
#.............####.#######
############### #.# #.#
#.# #.#


You could see Menkaure.

Vanquished Creatures
  5 adders
  2 oozes
  4 dart slugs
  4 orcs (D:3)
  A giant cockroach (D:2)
  2 goblins (D:3)
  6 hobgoblins
  8 kobolds
  A quokka (D:4)
  5 bats
  A giant newt (D:1)
  A quokka skeleton (D:4)
  2 rats (D:1)
42 creatures vanquished.

Notes
Turn   | Place    | Note
--------------------------------------------------------------
     0 | D:1      | Helmschank the Merfolk Transmuter began the quest for the Orb.
     0 | D:1      | Reached XP level 1. HP: 15/15 MP: 3/3
   316 | D:1      | Reached skill level 3 in Transmutations
   884 | D:1      | Reached XP level 2. HP: 21/21 MP: 3/5
   888 | D:1      | Learned a level 2 spell: Sticks to Snakes
  1523 | D:2      | Reached XP level 3. HP: 19/26 MP: 4/6
  1539 | D:2      | Learned a level 3 spell: Spider Form
  1556 | D:2      | Found a faded altar to an unknown god.
  1786 | D:2      | Reached skill level 4 in Transmutations
  1971 | D:2      | Reached skill level 1 in Poison Magic
  2221 | D:2      | Reached XP level 4. HP: 32/32 MP: 5/7
  2979 | D:3      | Found a shadowy altar of Dithmenos.
  4000 | D:4      | Noticed Menkaure
  4031 | D:4      | Slain by Menkaure

Skill      XL: |  1  2  3 |
---------------+----------+-----
Transmutations | 3 4 |  4.8
Dodging        | 3 |  3.2
Poison Magic   | 1 |  1.2
Fighting       | |  1.1
Armour         | |  0.7
Unarmed Combat | |  3.9
Spellcasting   | |  2.0

Action                   |  1- 3 |  4- 6 || total
-------------------------+-------+-------++-------
Melee: Unarmed           |    99 |    87 ||   186
       Punch             |     4 |       ||     4
       Headbutt          |    11 |     7 ||    18
       Trident           |       |     4 ||     4
Throw: Stone             |    17 |     2 ||    19
       Tomahawk          |       |     4 ||     4
 Cast: Beastly Appendage |    14 |    16 ||    30
       Sticks to Snakes  |       |     2 ||     2
       Spider Form       |       |     1 ||     1
  Use: Scroll            |       |     7 ||     7
       Potion            |       |     2 ||     2
 Stab: Sleeping          |     2 |       ||     2
  Eat: Chunk             |     4 |     7 ||    11
Armor: Robe              |    33 |     2 ||    35
       Leather armour    |       |    10 ||    10
Dodge: Dodged            |    78 |    51 ||   129
